 Dungeon Crawl Stone Soup version 0.26-a0-712-ga5a9c9c9d0 (webtiles) character file.

Game seed: 5684261261655076458

219527 schauveau the Bludgeoner (level 19, -23/130 HPs)
             Began as a Gargoyle Fighter on Nov 13, 2020.
             Was the Champion of Makhleb.
             Annihilated by an enormous slime creature (51 damage)
             ... on level 15 of the Dungeon.
             The game lasted 01:32:15 (33376 turns).

schauveau the Bludgeoner (Gargoyle Fighter)        Turns: 33376, Time: 01:32:16

Health: -23/130    AC: 50    Str: 33    XL:     19   Next: 14%
Magic:  26/26      EV:  7    Int:  8    God:    Makhleb [******]
Gold:   4585       SH: 14    Dex: 11    Spells: 18/18 levels left

rFire    + . .     SeeInvis +   a - +6 eveningstar
rCold    + + +     Faith    .   R - +2 shield of Resistance {rF++ rC++ MR++}
rNeg     + . .     Spirit   .   q - +3 plate armour {rC+}
rPois    ∞         Reflect  .   N - +2 hat
rElec    +         Harm     .   y - +0 cloak of Imperfection {rElec rF- Str+6 Dex+2}
rCorr    .         Rampage  .   A - +2 pair of gloves
MR       +++..                  i - +0 pair of boots
Stlth    ..........             h - amulet of regeneration
HPRegen  0.71/turn              Q - ring of see invisible
MPRegen  0.20/turn              z - +4 ring of protection

@: flying
A: big wings, dopey 1, negative energy resistance 1, shaggy fur 1, electricity
resistance, unbreathing, petrification resistance, rot immunity, AC +14
}: 1/15 runes: serpentine
a: Stop Flying, Minor Destruction, Lesser Servant of Makhleb, Major Destruction,
Greater Servant of Makhleb, Renounce Religion


You were on level 15 of the Dungeon.
You worshipped Makhleb.
Makhleb was exalted by your worship.
You visited 5 branches of the dungeon, and saw 28 of its levels.
You visited the Abyss 2 times.
You also visited: Sewer, Ossuary and Bailey.

You collected 5717 gold pieces.
You spent 1132 gold pieces at shops.

Inventory:

Hand Weapons
 a - a +6 eveningstar (weapon)
 k - the +3 flail of Yzih {freeze, MR++ Int+3, unknown}
   (You found it on level 14 of the Dungeon)

   It has been specially enchanted to freeze those struck by it, causing extra
   injury to most foes and up to half again as much damage against particularly
   susceptible opponents.
   It can also slow down cold-blooded creatures.
   It affects your intelligence (+3).
   It affects your resistance to hostile enchantments.
 p - the +8 falchion of the Smoking Fox {flame, rPois rC+ Stlth+}
   (You found it on level 1 of the Snake Pit)

   It has been specially enchanted to burn those struck by it, causing extra
   injury to most foes and up to half again as much damage against particularly
   susceptible opponents.
   Big, fiery blades are also staple armaments of hydra-hunters.
   It protects you from cold.
   It protects you from poison.
   It makes you more stealthy.
 t - a +6 dire flail of freezing
 w - a +6 great mace of holy wrath
Missiles
 g - 36 boomerangs
 K - 17 silver javelins (quivered)
Armour
 i - a +0 pair of boots (worn)
 q - a +3 plate armour of cold resistance (worn)
 y - the +0 cloak of Imperfection (worn) {rElec rF- Str+6 Dex+2}
   (You found it on level 13 of the Dungeon)

   It affects your strength (+6).
   It affects your dexterity (+2).
   It makes you vulnerable to fire.
   It insulates you from electricity.
 A - a +2 pair of gloves (worn)
 I - a +0 cloak
 N - a +2 hat (worn)
 R - the +2 shield of Resistance (worn) {rF++ rC++ MR++}
   (You took it off Donald on level 4 of the Snake Pit)

   It greatly protects you from fire.
   It greatly protects you from cold.
   It affects your resistance to hostile enchantments.
Jewellery
 c - an uncursed ring of protection from cold
 h - an amulet of regeneration (around neck)
 z - a +4 ring of protection (right hand)
 J - the ring of Udwuryo {rN+ Str+3}
   (You found it on level 3 of the Lair of Beasts)

   [ring of positive energy]

   It affects your strength (+3).
   It protects you from negative energy.
 Q - a ring of see invisible (left hand)
Wands
 l - a wand of disintegration (17)
 o - a wand of polymorph (34)
 E - a wand of paralysis (36)
 F - a wand of digging (6)
 L - a wand of flame (27)
 T - a wand of acid (8)
Scrolls
 b - 3 scrolls of fear
 m - 2 scrolls of fog
 n - 5 scrolls of identify
 s - 2 scrolls of magic mapping
 u - 9 scrolls of remove curse
 v - 4 scrolls of enchant armour
 x - 2 scrolls of amnesia
 C - 4 scrolls of blinking
 P - a scroll of holy word
 S - 4 scrolls of teleportation
 U - a scroll of brand weapon
Potions
 d - a potion of might
 e - 2 potions of ambrosia
 f - 2 potions of mutation
 j - 11 potions of haste
 r - 2 potions of invisibility
 B - 3 potions of berserk rage
 D - 2 potions of resistance
 H - a potion of magic
 M - 8 potions of curing
 O - a potion of brilliance


   Skills:
 + Level 18.3 Fighting
 - Level 20.0 Maces & Flails
 + Level 18.3 Armour
 * Level 7.7 Shields
 - Level 9.8 Invocations


You had 18 spell levels left.
You didn't know any spells.
Your spell library contained the following spells:

 Spells                   Type           Power        Failure   Level
 Animate Skeleton         Necr           #.....       99%         1
 Apportation              Tloc           #.....       99%         1
 Corona                   Hex            #......      99%         1
 Pain                     Necr           #...         99%         1
 Sandblast                Erth           #.....       99%         1
 Summon Small Mammal      Summ           #...         99%         1
 Ensorcelled Hibernation  Hex/Ice        #.....       100%        2
 Passwall                 Tmut/Erth      #.......     100%        2
 Ignite Poison            Fire/Tmut/Pois #.......     100%        3
 Stone Arrow              Conj/Erth      #.....       100%        3
 Vampiric Draining        Necr           #.........   100%        3
 Animate Dead             Necr           #.........   100%        4
 Petrify                  Tmut/Erth      #.......     100%        4
 Agony                    Necr           #.......     100%        5
 Borgnjor's Vile Clutch   Necr/Erth      #.........   100%        5
 Fireball                 Conj/Fire      #.........   100%        5
 Irradiate                Conj/Tmut      #.........   100%        5
 Lee's Rapid Deconstruct  Erth           #.........   100%        5
 Silence                  Hex/Air        #.........   100%        5
 Hydra Form               Tmut           #.........   100%        6
 Shadow Creatures         Summ           N/A          100%        6
 Starburst                Conj/Fire      #.........   100%        6
 Dragon Form              Tmut           #.........   100%        7
 Ignition                 Fire           #.........   100%        8
 Statue Form              Tmut/Erth      Unusable     N/A         6

Dungeon Overview and Level Annotations

Branches:
Dungeon (15/15)            Temple (1/1) D:7            Lair (6/6) D:11
 Shoals (0/4) Lair:2        Snake (4/4) Lair:4        Slime (0/5) Lair:6
    Orc (2/2) D:10            Elf (0/3) Orc:2        Vaults (0/5) D:13
 Depths (0/5) D:15          Sewer (visited)         Ossuary (visited)
 Bailey (visited)

Altars:
Ashenzari
Cheibriados
Dithmenos
Elyvilon
Fedhas
Gozag
Hepliaklqana
Kikubaaqudgha
Makhleb
Nemelex Xobeh
Okawaru
Qazlal
Ru
Sif Muna
Trog
Uskayaw
Vehumet
Wu Jian
Xom
Yredelemnul
Zin
The Shining One
Beogh

Shops:
D:6 ?   D:14 ?:[*   Orc:1 =   Orc:2 ([[(

Annotations:
D:6 3 runed translucent doors, qborf's ghost, amateur DgTm


Innate Abilities, Weirdness & Mutations

You are resistant to torment.
Your stone body is resilient. (AC +14)
You are immune to poison.
Your large and strong wings let you fly indefinitely.
You resist negative energy. (rN+)
You are resistant to electric shocks. (rElec)
You can survive without breathing.
You are immune to petrification.
You are immune to rotting.
You are dopey. (Int -2)
You are covered in fur. (AC +1)


Message History

A titanic slime creature splits.
Okay, then.
You feel much better.
Two slime creatures merge to form an enormous slime creature.
The large slime creature hits you but does no damage.
You bludgeon the enormous slime creature!!
The enormous slime creature is severely wounded.
The tarantella changes into a lindwurm!
You hit the enormous slime creature.
The enormous slime creature is severely wounded.
The large slime creature hits you! The enormous slime creature hits you!!
* * * LOW HITPOINT WARNING * * *
You barely miss the enormous slime creature.
The enormous slime creature is severely wounded.
You block the large slime creature's attack.
You block the enormous slime creature's attack.
You feel better.
The lindwurm changes into a swamp dragon!
The enormous slime creature hits you!!!
You die...

### ###>### #####
##.....## ##....
#....... #.....
#..... #.....
#### #.D. #.....
##..## #J####
####...#
####....###@J..#
#...#'##
#.'.!.....###..#
##......
##[##....#..##.##
#......
#..###..###.....#
#...... ##.##
#### #..#.##
#...... #..#
######
######..... #.##
##...##..... ##.#
#........... #).#
#....##...##


You could see a swamp dragon shaped shifter, an enormous slime creature and a
large slime creature.

Vanquished Creatures
  Saint Roka (Snake:2)
  Vashnia (Snake:2)
  Rupert (Lair:5)
  2 tentacled monstrosities (Abyss:1)
  A tentacled starspawn (Abyss:2)
  Agnes (Snake:3)
  Gastronok (D:10)
  Donald (Snake:4)
  Kirke (Lair:6)
  8 nagarajas (Snake:4)
  A cacodemon (Abyss:2)
  Nessos (D:12)
  Azrael (D:15)
  An eidolon (Abyss:2)
  A fire dragon (Lair:6)
  The ghost of PanSaczeczos the Cleaver, a journeyman HOAK of Lugonu (D:10)
  The ghost of Deatesutut the Grim Reaper, a journeyman MiFi of Yredelemnul (Lair:3)
  A great orb of eyes (Abyss:1)
  9 hydras
  Harold (D:8)
  17 naga warriors
  A boulder beetle (D:14)
  Erolcha (D:11)
  2 vault guards (D:13)
  2 centaur warriors (D:15)
  2 catoblepae
  14 anacondas
  2 tengu warriors (D:15)
  2 two-headed ogres
  2 thrashing horrors (Abyss:2)
  9 shock serpents
  Urug (Orc:2)
  14 naga sharpshooters
  3 death yaks (D:11)
  3 orc high priests (Orc:2)
  Nergalle (D:10)
  Sonja (Lair:4)
  8 salamander mystics
  5 skeletal warriors
  2 wretched stars
  3 unseen horrors
  7 sea snakes
  6 naga ritualists
  6 lindwurms
  Pikel (D:9)
  A wolf spider (Lair:6)
  A harpy (shapeshifter) (D:14)
  22 mana vipers
  8 orc sorcerers
  14 ugly things
  9 orc knights
  8 salamanders
  5 cyclopes
  A manticore (D:12)
  A dire elephant zombie (Abyss:1)
  A moth of wrath (shapeshifter) (D:15)
  A black mamba (shapeshifter) (D:15)
  6 torpor snails (Lair:6)
  8 guardian serpents
  An eye of devastation (Lair:6)
  20 naga magi
  2 gargoyles
  45 black mambas
  18 cane toads
  A torpor snail (shapeshifter) (D:15)
  A kobold demonologist (D:14)
  6 komodo dragons
  2 rime drakes
  2 efreet
  3 tyrant leeches (Lair:6)
  13 trolls
  Grinder (D:4)
  2 polar bears
  A queen bee (D:9)
  Prince Ribbit (D:9)
  9 hornets
  3 raiju (Abyss:2)
  7 dream sheep
  21 blink frogs
  9 slime creatures
  A snapping turtle (Lair:2)
  2 redbacks (Lair:6)
  A ynoxinul (Abyss:1)
  A wraith (D:14)
  50 yaks
  2 shadows
  3 fire elementals (D:15)
  5 basilisks
  5 hogs (Lair:6)
  13 wyverns
  4 large abominations (Abyss:2)
  9 humans (D:13)
  2 steam dragons
  3 chaos spawn (Abyss:2)
  Menkaure (D:4)
  46 nagas
  7 wargs
  Edmund (D:5)
  An insubstantial wisp (Abyss:2)
  An acid dragon (D:14)
  Duvessa (D:5)
  A soldier ant (shapeshifter) (D:15)
  24 water moccasins
  An ice beast (D:12)
  5 hell hounds (D:15)
  34 orc warriors
  3 black bears
  2 eyes of draining
  5 sky beasts
  19 ogres
  A phantom (D:10)
  3 boggarts (D:15)
  7 centaurs
  12 wolves
  Blork the orc (D:4)
  4 elf zombies (Ossuary)
  3 big kobolds
  24 bullfrogs
  A wyvern zombie (D:11)
  Dowan (D:5)
  A wyvern skeleton (D:11)
  3 scorpions
  38 killer bees
  6 wights
  2 howler monkeys (D:6)
  4 electric eels
  6 centaur zombies
  10 starcursed masses
  3 human zombies (Ossuary)
  3 bullfrog zombies
  5 hounds
  2 jellies
  2 gnoll shamans
  31 orc priests
  5 bullfrog skeletons
  Crazy Yiuf (D:2)
  3 centaur skeletons
  4 iguanas
  30 orc wizards
  13 worker ants
  A hound zombie (D:8)
  3 mummies (Ossuary)
  A worker ant zombie (D:6)
  Robin (D:2)
  13 gnolls
  14 adders
  3 river rats (D:6)
  3 shadow imps
  4 white imps
  An ooze (D:7)
  5 ufetubi
  An adder zombie (D:8)
  An adder skeleton (D:6)
  8 worms
  2 dart slugs
  3 leopard geckos
  98 orcs
  4 ball pythons
  16 giant cockroaches
  19 goblins
  16 hobgoblins
  8 jackals
  28 kobolds
  4 quokkas
  9 bats
  11 frilled lizards
  3 quokka skeletons
  18 rats
1185 creatures vanquished.

Vanquished Creatures (others)
  A vault guard (D:13)
  A naga sharpshooter (Snake:4)
  A naga ritualist (Snake:4)
  An orc priest (D:13)
  2 orc wizards (Orc:2)
  24 fungi
  101 plants
  8 starspawn tentacles (Abyss:2)
139 creatures vanquished.

Grand Total: 1324 creatures vanquished

Notes
Turn   | Place    | Note
-------+----------+-------------------------------------------
     0 | D:1      | schauveau the Gargoyle Fighter began the quest for the Orb.
     0 | D:1      | Reached XP level 1. HP: 14/14 MP: 1/1
    51 | D:1      | Reached XP level 2. HP: 12/19 MP: 2/2
   303 | D:2      | Noticed Robin
   329 | D:2      | Reached XP level 3. HP: 12/23 MP: 3/3
   348 | D:2      | Killed Robin
   615 | D:3      | Reached skill level 3 in Maces & Flails
   721 | D:3      | Reached XP level 4. HP: 29/29 MP: 4/4
   855 | D:4      | Found a shimmering altar of Xom.
   907 | D:4      | Reached XP level 5. HP: 28/33 MP: 5/5
   925 | D:4      | Found a sand-covered staircase.
   938 | Ossuary  | Entered an ossuary
  1040 | Ossuary  | Reached skill level 4 in Maces & Flails
  1040 | Ossuary  | Reached XP level 6. HP: 31/39 MP: 4/6
  1222 | Ossuary  | Reached XP level 7. HP: 34/44 MP: 7/7
  1327 | Ossuary  | Reached skill level 5 in Maces & Flails
  1353 | Ossuary  | Reached skill level 5 in Fighting
  1353 | Ossuary  | Reached skill level 5 in Armour
  1353 | Ossuary  | Reached skill level 5 in Shields
  1553 | D:5      | Entered Level 5 of the Dungeon
  1557 | D:5      | Noticed Blork the orc
  1588 | D:4      | Killed Blork the orc
  1658 | D:5      | Noticed Duvessa
  1658 | D:5      | Noticed Dowan
  1688 | D:5      | Killed Duvessa
  1688 | D:5      | Reached skill level 6 in Maces & Flails
  1688 | D:5      | Reached XP level 8. HP: 50/50 MP: 8/8
  1699 | D:5      | Killed Dowan
  1728 | D:5      | Noticed Edmund
  1757 | D:5      | Killed Edmund
  2119 | D:5      | Reached skill level 7 in Maces & Flails
  2888 | D:6      | Found Torryqux's Magic Scroll Emporium.
  2923 | D:6      | Bought a scroll of teleportation for 39 gold pieces
  2923 | D:6      | Bought a scroll of magic mapping for 45 gold pieces
  2978 | D:6      | Reached XP level 9. HP: 55/56 MP: 9/9
  3005 | D:6      | Found a bloodstained altar of Trog.
  3005 | D:6      | Found a snail-covered altar of Cheibriados.
  3005 | D:6      | Found a basalt altar of Yredelemnul.
  3145 | D:6      | Found a glowing drain.
  3151 | Sewer    | Entered a sewer
  3401 | Sewer    | Reached skill level 8 in Maces & Flails
  3515 | D:6      | Found a glowing silver altar of Zin.
  3555 | D:6      | Found a runed translucent gate.
  3555 | D:6      | Found a runed translucent gate.
  3555 | D:6      | Found a runed translucent gate.
  3556 | D:6      | Noticed qborf's ghost (amateur DgTm)
  4272 | D:7      | Found a radiant altar of Vehumet.
  4336 | D:7      | Found a staircase to the Ecumenical Temple.
  4348 | Temple   | Entered the Ecumenical Temple
  4490 | Temple   | Became a worshipper of Makhleb the Destroyer
  5140 | D:2      | Found a runed translucent door.
  5141 | D:2      | Noticed Crazy Yiuf
  5305 | D:2      | Reached * piety under Makhleb
  5568 | D:2      | Killed Crazy Yiuf
  5568 | D:2      | Reached skill level 9 in Maces & Flails
  6202 | D:3      | Found a sacrificial altar of Ru.
  6469 | D:4      | Noticed Grinder
  6486 | D:4      | Paralysed by Grinder for 3 turns
  6506 | D:4      | Paralysed by Grinder for 4 turns
  6520 | D:4      | Paralysed by Grinder for 3 turns
  6588 | D:4      | Reached ** piety under Makhleb
  6606 | D:4      | Killed Grinder
  6653 | D:4      | Noticed Menkaure
  6657 | D:4      | Killed Menkaure
  7158 | D:6      | Reached XP level 10. HP: 64/64 MP: 10/10
  7597 | D:7      | Found an iron altar of Okawaru.
  7884 | D:8      | Noticed Harold
  7904 | D:8      | Killed Harold
  7904 | D:8      | Reached skill level 10 in Maces & Flails
  7923 | D:8      | Found a white marble altar of Elyvilon.
  7926 | D:8      | Found a sparkling altar of Nemelex Xobeh.
  8390 | D:8      | Found a hazy altar of Hepliaklqana.
  8513 | D:8      | Found a shimmering blue altar of Sif Muna.
  8871 | D:9      | Reached skill level 11 in Maces & Flails
  8903 | D:9      | Reached *** piety under Makhleb
  8954 | D:9      | Reached XP level 11. HP: 58/71 MP: 7/11
  9135 | D:9      | Noticed Prince Ribbit
  9150 | D:9      | Found an ornate altar of the Wu Jian Council.
  9155 | D:9      | Killed Prince Ribbit
  9669 | D:9      | Noticed Pikel
  9673 | D:9      | Killed Pikel
  9689 | D:10     | Entered Level 10 of the Dungeon
  9689 | D:10     | Noticed Nergalle
  9701 | D:10     | Killed Nergalle
  9701 | D:10     | Reached skill level 10 in Fighting
  9701 | D:10     | Reached skill level 12 in Maces & Flails
  9704 | D:10     | Reached **** piety under Makhleb
  9720 | D:10     | Reached skill level 10 in Armour
  9958 | D:10     | Found a staircase to the Orcish Mines.
 10320 | D:10     | Found a runed translucent gate.
 10320 | D:10     | Found a runed translucent gate.
 10320 | D:10     | Found a runed translucent gate.
 10320 | D:10     | Identified the +4 spear of the Smoking Rat {elec, Dex+4
                  | SInv}
 10321 | D:10     | Noticed PanSaczeczos's ghost (journeyman HOAK)
 10322 | D:10     | Found a roughly hewn altar of Beogh.
 10512 | D:10     | Noticed Gastronok
 10530 | D:10     | Killed Gastronok
 10530 | D:10     | Reached skill level 13 in Maces & Flails
 10530 | D:10     | Reached XP level 12. HP: 79/79 MP: 12/12
 10873 | D:10     | Reached ***** piety under Makhleb
 10912 | D:10     | Killed PanSaczeczos's ghost
 10964 | D:10     | Got a polished cloak
 10980 | D:10     | Identified the cursed +0 cloak of the Depths {rElec Int+7}
                  | (You found it on level 10 of the Dungeon)
 11071 | D:11     | Found a staircase to the Lair.
 11071 | D:11     | Noticed a death yak
 11072 | D:11     | Noticed a death yak
 11072 | D:11     | Noticed a death yak
 11099 | D:11     | Killed a death yak
 11110 | D:11     | Killed a death yak
 11131 | D:11     | Killed a death yak
 11154 | D:11     | Noticed a four-headed hydra
 11165 | D:11     | Killed a four-headed hydra
 11379 | D:11     | Reached skill level 14 in Maces & Flails
 11405 | D:11     | Noticed Erolcha
 11431 | D:11     | Cast into level 2 of the Abyss (Erolcha)
 11594 | Abyss:2  | Noticed a starcursed mass
 11595 | Abyss:2  | Noticed a green death
 11597 | Abyss:2  | Noticed a thrashing horror
 11603 | Abyss:2  | Noticed a starcursed mass
 11629 | Abyss:2  | Killed a thrashing horror
 11816 | Abyss:2  | Noticed a large abomination
 11827 | Abyss:2  | Killed a large abomination
 11861 | Abyss:2  | Noticed a tentacled starspawn
 11864 | Abyss:2  | Noticed a thrashing horror
 11899 | Abyss:2  | Killed a tentacled starspawn
 11899 | Abyss:2  | Reached XP level 13. HP: 60/85 MP: 6/13
 11961 | Abyss:2  | Got a smelly scale mail
 11973 | Abyss:2  | Noticed a cacodemon
 11975 | Abyss:2  | Gained mutation: You occasionally shout uncontrollably at
                  | your foes. [a cacodemon]
 11988 | Abyss:2  | Gained mutation: Your body sometimes deteriorates upon
                  | taking damage. [a cacodemon]
 11994 | Abyss:2  | Noticed an eidolon
 11997 | Abyss:2  | Killed a cacodemon
 12012 | Abyss:2  | Killed an eidolon
 12044 | D:11     | Escaped the Abyss
 12049 | D:11     | Killed Erolcha
 12049 | D:11     | Reached skill level 15 in Maces & Flails
 12570 | Lair:1   | Entered Level 1 of the Lair of Beasts
 12581 | Lair:1   | Identified the +2 scale mail of Cuodghae {rPois Str+2} (You
                  | found it on level 2 of the Abyss)
 12929 | Lair:1   | Lost mutation: Your body sometimes deteriorates upon taking
                  | damage. [potion of mutation]
 12929 | Lair:1   | Lost mutation: You occasionally shout uncontrollably at
                  | your foes. [potion of mutation]
 12929 | Lair:1   | Gained mutation: Your spells are a little harder to cast,
                  | but a little more powerful. [potion of mutation]
 12929 | Lair:1   | Gained mutation: You are partially covered in thin metallic
                  | scales. (AC +2) [potion of mutation]
 12930 | Lair:1   | Lost mutation: Your spells are a little harder to cast, but
                  | a little more powerful. [potion of mutation]
 12930 | Lair:1   | Lost mutation: You are partially covered in thin metallic
                  | scales. (AC +2) [potion of mutation]
 12930 | Lair:1   | Gained mutation: Your magical capacity is low. (-10% MP)
                  | [potion of mutation]
 12930 | Lair:1   | Gained mutation: You are agile. (Dex +2) [potion of
                  | mutation]
 12931 | Lair:1   | Lost mutation: You are agile. (Dex +2) [potion of mutation]
 12931 | Lair:1   | Lost mutation: Your magical capacity is low. (-10% MP)
                  | [potion of mutation]
 12931 | Lair:1   | Gained mutation: You are partially covered in rugged brown
                  | scales. (AC +1, +3% HP) [potion of mutation]
 12931 | Lair:1   | Gained mutation: You have a pair of small horns on your
                  | head. [potion of mutation]
 12932 | Lair:1   | Lost mutation: You have a pair of small horns on your head.
                  | [potion of mutation]
 12932 | Lair:1   | Lost mutation: You are partially covered in rugged brown
                  | scales. (AC +1, +3% HP) [potion of mutation]
 12932 | Lair:1   | Gained mutation: You have a pair of small antennae on your
                  | head. [potion of mutation]
 12932 | Lair:1   | Gained mutation: You possess an exceptional clarity of
                  | mind. [potion of mutation]
 14546 | Lair:2   | Lost mutation: You have a pair of small antennae on your
                  | head. [potion of mutation]
 14546 | Lair:2   | Lost mutation: You possess an exceptional clarity of mind.
                  | [potion of mutation]
 14546 | Lair:2   | Gained mutation: You passively map a small area around you.
                  | [potion of mutation]
 14546 | Lair:2   | Gained mutation: You are partially covered in thin metallic
                  | scales. (AC +2) [potion of mutation]
 14546 | Lair:2   | Lost mutation: You are partially covered in thin metallic
                  | scales. (AC +2) [potion of mutation]
 14546 | Lair:2   | Gained mutation: You are somewhat resistant to further
                  | mutation. [potion of mutation]
 14654 | Lair:2   | Found a staircase to the Shoals.
 15172 | Lair:3   | Reached ****** piety under Makhleb
 15444 | Lair:3   | Gained mutation: Your large and strong wings let you fly
                  | indefinitely. [Gargoyle growth]
 15444 | Lair:3   | Reached XP level 14. HP: 93/94 MP: 8/14
 15514 | Lair:3   | Found a large runed translucent door.
 15515 | Lair:3   | Found a large runed translucent door.
 15691 | Lair:3   | Noticed Deatesutut's ghost (journeyman MiFi)
 15743 | Lair:3   | Killed Deatesutut's ghost
 15743 | Lair:3   | Reached skill level 16 in Maces & Flails
 15749 | Lair:3   | Got a steaming brass ring
 15752 | Lair:3   | Identified the ring of Udwuryo {rN+ Str+3} (You found it on
                  | level 3 of the Lair of Beasts)
 15876 | Lair:4   | Got a twisted mace
 15993 | Lair:4   | Found a staircase to the Snake Pit.
 16097 | Lair:4   | Noticed Sonja
 16130 | Lair:4   | Cast into level 1 of the Abyss (Sonja)
 16130 | Abyss:1  | Found a corrupted altar of Lugonu.
 16131 | Abyss:1  | Noticed a tentacled monstrosity
 16150 | Abyss:1  | Noticed a tentacled monstrosity
 16169 | Abyss:1  | Killed a tentacled monstrosity
 16176 | Abyss:1  | Killed a tentacled monstrosity
 16258 | Abyss:1  | Paralysed by a great orb of eyes for 6 turns
 16389 | Abyss:2  | Found a corrupted altar of Lugonu.
 16446 | Lair:4   | Escaped the Abyss
 16453 | Lair:4   | Killed Sonja
 17697 | Lair:5   | Reached skill level 17 in Maces & Flails
 17786 | Lair:5   | Noticed Rupert
 17810 | Lair:5   | Killed Rupert
 18225 | Lair:6   | Entered Level 6 of the Lair of Beasts
 18414 | Lair:6   | Reached XP level 15. HP: 91/100 MP: 11/15
 18456 | Lair:6   | Noticed Kirke
 18497 | Lair:6   | Noticed a sphinx
 18506 | Lair:5   | HP: 3/100 [water moccasin (3)]
 19106 | Lair:6   | Identified the +5 mace "Ufeteck" {pain, *Rage MP+9 Int+2
                  | Stlth+} (You found it on level 4 of the Lair of Beasts)
 19275 | Lair:6   | Found a staircase to the Slime Pits.
 19655 | Lair:6   | Found a runed translucent door.
 20101 | Lair:6   | Killed Kirke
 20199 | Lair:6   | Reached skill level 18 in Maces & Flails
 20870 | Orc:1    | Entered Level 1 of the Orcish Mines
 20870 | Orc:1    | Found Nutialyg's Jewellery Shoppe.
 20927 | Orc:1    | Bought an uncursed amulet of regeneration for 360 gold
                  | pieces
 21408 | Orc:2    | Entered Level 2 of the Orcish Mines
 21450 | Orc:2    | Found a staircase to the Elven Halls.
 21995 | Orc:2    | Reached skill level 15 in Fighting
 22019 | Orc:2    | Reached skill level 15 in Armour
 22111 | Orc:2    | Found Woewk's Antique Weapon Boutique.
 22111 | Orc:2    | Found Xemuky's Antique Armour Shoppe.
 22113 | Orc:2    | Found Kionunuu's Armour Boutique.
 22113 | Orc:2    | Found Puxide's Antique Weapon Shoppe.
 22131 | Orc:2    | Bought a pair of jewelled gloves for 275 gold pieces
 22141 | Orc:2    | Identified the cursed +0 pair of gloves "Tuvunor" {rElec}
                  | (You bought it in a shop on level 2 of the Orcish Mines)
 22511 | Orc:1    | Noticed Urug
 22563 | Orc:2    | Killed Urug
 22563 | Orc:2    | Reached XP level 16. HP: 99/108 MP: 16/16
 22899 | D:12     | Found a flagged portal.
 22909 | Bailey   | Entered a bailey
 23060 | Bailey   | Found a bloodstained altar of Trog.
 23545 | D:12     | Noticed Nessos
 23579 | D:12     | Killed Nessos
 23676 | D:12     | Identified a scroll of acquirement
 23677 | D:12     | Acquired 898 gold pieces
 24808 | D:13     | Found a gate to the Vaults.
 24831 | D:13     | Acquired a +4 great mace of holy wrath
 25281 | D:13     | Got a polished cloak
 25292 | D:13     | Identified the cursed +0 cloak of Imperfection {rElec rF-
                  | Str+6 Dex+2} (You found it on level 13 of the Dungeon)
 25471 | Snake:1  | Entered Level 1 of the Snake Pit
 25841 | Snake:1  | Reached skill level 19 in Maces & Flails
 26131 | Snake:1  | Got an iridescent falchion
 26132 | Snake:1  | Identified the +8 falchion of the Smoking Fox {flame, rPois
                  | rC+ Stlth+} (You found it on level 1 of the Snake Pit)
 26756 | Snake:2  | Noticed Vashnia
 26819 | Snake:2  | Killed Vashnia
 27441 | Snake:2  | Reached skill level 1 in Invocations
 27450 | Snake:2  | Reached XP level 17. HP: 115/115 MP: 17/17
 27935 | Snake:3  | Noticed Saint Roka
 27963 | Snake:3  | HP: 4/115 [Saint Roka/divine providence (16)]
 28248 | Snake:2  | Killed Saint Roka
 28280 | Snake:3  | Reached skill level 20 in Maces & Flails
 28404 | Snake:3  | Lost mutation: You are somewhat resistant to further
                  | mutation. [potion of mutation]
 28404 | Snake:3  | Lost mutation: You passively map a small area around you.
                  | [potion of mutation]
 28404 | Snake:3  | Gained mutation: You are dopey. (Int -2) [potion of
                  | mutation]
 28404 | Snake:3  | Gained mutation: You are covered in fur. (AC +1) [potion of
                  | mutation]
 28467 | Snake:3  | Noticed Agnes
 28488 | Snake:3  | Killed Agnes
 28842 | Snake:4  | Entered Level 4 of the Snake Pit
 29196 | Snake:4  | Reached skill level 5 in Invocations
 29499 | Snake:4  | Noticed Donald
 29523 | Snake:4  | Killed Donald
 30380 | Snake:4  | Reached XP level 18. HP: 123/123 MP: 23/23
 31312 | Snake:4  | Got a serpentine rune of Zot
 31864 | D:14     | Found Hafasa's Assorted Antiques.
 31877 | D:14     | Bought a cabochon ring for 145 gold pieces
 31904 | D:14     | Found Keafy's Magic Scroll Shop.
 31911 | D:14     | Found Posagh's Book Boutique.
 31970 | D:14     | Found Edes's Antique Armour Boutique.
 32213 | D:14     | Got an ichor-stained flail
 32460 | D:14     | Found Vecworydd's Magic Scroll Boutique.
 32470 | D:14     | Bought a scroll of magic mapping for 52 gold pieces
 32470 | D:14     | Bought a scroll of magic mapping for 52 gold pieces
 32470 | D:14     | Bought a scroll of enchant weapon for 112 gold pieces
 32470 | D:14     | Bought a scroll of fear for 52 gold pieces
 32582 | D:15     | Entered Level 15 of the Dungeon
 32771 | D:15     | Reached XP level 19. HP: 130/130 MP: 26/26
 32857 | D:15     | Acquired 1033 gold pieces
 32998 | D:15     | Found an opulent altar of Gozag.
 33064 | D:15     | Noticed Azrael
 33089 | D:15     | Killed Azrael
 33359 | D:15     | Found a staircase to the Depths.
 33376 | D:15     | Annihilated by an enormous slime creature

Illustrated notes

Levels and vault maps discovered:
D:1:      dpeg_arrival_ratfight, layout_rooms, hangedman_feature_mirror,
          minmay_close_crescents
D:2:      layout_loops_cross, minmay_bisected, uniq_robin,
          uniq_crazy_yiuf_cottage
D:3:      layout_basic, nicolae_ru_path_of_blood, grunt_decor_one_mirror
D:4:      minmay_spotlight, layout_basic, xom_teletrap_fun,
          nicolae_ossuary_entry_ruins, uniq_menkaure, uniq_grinder
D:5:      layout_cave_pods, uniq_edmund, uniq_duvessa, uniq_blork_the_orc
D:6:      layout_gridville, overflow_temple_1_default,
          gammafunk_temple_overflow_claw, lightli_sewer_entry_pipes,
          serial_shops, nicolae_shop_crystal, gammafunk_ghost_necromancy,
          kennysheep_windowed_goal
D:7:      layout_cave_pods, old_standard_altar, lemuel_round_altar,
          minmay_temple_entry_wispy
D:8:      layout_basic, nemelex_xobeh_ov_fountains_minmay,
          nicolae_overflow_hidden_temple, elyvilon_altar_4,
          lemuel_coloured_pillars_altar, uniq_harold
D:9:      layout_gridville, old_standard_altar, special_room [special_room_bee],
          uniq_pikel, uniq_prince_ribbit1
D:10:     layout_loops_ring, erik_orc_3, biasface_ghost_orc_armoury,
          minivault_11, wad_floor_pattern_untrapped, hangedman_decor_points,
          uniq_nergalle, uniq_gastronok
D:11:     layout_roguey, dpeg_lair_monsters, minivault_4, uniq_erolcha
D:12:     layout_long_grid, enter_bailey_2, kennysheep_generic_room_9,
          uniq_nessos
D:13:     layout_layer_cave, ximxim_vaults_locker_room, grunt_ministairs_4
D:14:     layout_cave_pools, serial_shops, kennysheep_mini_moat, shop,
          nicolae_shop_competitors_out_of_business, shop, shop
D:15:     gammafunk_enter_depths_forms, layout_gridville, chequers_jeans,
          basic_altar, cheibriados_altar_1, uniq_azrael
Temple:   compressed_dpeg_triangle_lava_temple
Lair:1:   layout_layer_cave, beast_lair_carwin_2, infiniplex_staircase_pool_2,
          grunt_megastairs_2
Lair:2:   layout_long_grid, minmay_shoals_entry_hut
Lair:3:   layout_chaotic_city, ebering_ghost_disaster_area
Lair:4:   layout_loops_ring, dummy_snake_entry, uniq_sonja
Lair:5:   layout_loops_ring, uniq_rupert
Lair:6:   hangedman_lair_tendril_chambers, layout_gridlike, wormcave,
          minmay_slime_entry_eyes, lemuel_fruit_tree, uniq_kirke
Snake:1:  layout_basic
Snake:2:  layout_basic, serial_bayou_pond_b, serial_bayou_lagoon_b, uniq_vashnia
Snake:3:  cheibrodos_forgotten_conduit, layout_misc_corridors,
          serial_bayou_shore_a, uniq_agnes, uniq_saint_roka
Snake:4:  snake_pit_salamanders_mu, layout_cave_town, st_stairs_9,
          grunt_ministairs_7, serial_bayou_shore_b, uniq_donald
Orc:1:    layout_diamond_mine, serial_shops, shop, uniq_urug
Orc:2:    grunt_orc_tribal_feast, layout_diamond_mine

Skill      XL: |  1  2  3  4  5  6  7  8  9 10 11 12 13 14 15 16 17 18 19 |
---------------+----------------------------------------------------------+-----
Maces & Flails | 3 4 6 7 9 11 13 14 15 17 18 19 20 | 20.0
Fighting       | 4 5 6 8 9 10 11 13 14 15 16 17 18 | 18.3
Armour         | 4 5 6 7 9 10 11 13 14 15 16 17 18 | 18.3
Shields        | 4 5 6 7 |  7.7
Invocations    | 1 7 9 |  9.8

Action                   |  1- 3 |  4- 6 |  7- 9 | 10-12 | 13-15 | 16-18 | 19-21 || total
-------------------------+-------+-------+-------+-------+-------+-------+-------++-------
Melee: Flail             |   121 |   145 |    90 |       |       |       |       ||   356
       Dire flail        |       |       |   522 |   862 |  1508 |   605 |       ||  3497
       Unarmed           |       |       |     7 |       |     1 |       |       ||     8
       Great mace        |       |       |       |       |       |   857 |       ||   857
       Eveningstar       |       |       |       |       |       |   198 |   156 ||   354
 Abil: Fly               |       |       |       |       |       |     1 |       ||     1
Evoke: Wand              |       |       |       |     1 |     1 |       |       ||     2
  Use: Scroll            |     2 |     3 |     4 |    16 |    13 |    18 |     1 ||    57
       Potion            |       |       |       |     3 |    12 |     7 |     2 ||    24
Armor: Scale mail        |    60 |    83 |   333 |       |       |       |       ||   476
       Plate armour      |       |       |   115 |   820 |  1361 |  1810 |   136 ||  4242
       Chain mail        |       |       |    20 |       |       |       |       ||    20
Dodge: Dodged            |    46 |    29 |   284 |   382 |   546 |   621 |    39 ||  1947
Block: Kite shield       |    81 |    65 |    35 |       |       |   161 |   127 ||   469

Table legend: (Time is in decaauts)
 A = Elapsed time spent in this place.
 B = Non-inter-level travel time spent in this place.
 C = Inter-level travel time spent in this place.
 D = Time resting spent in this place.
 E = Time spent auto-exploring this place.
 F = Levels seen in this place.
 G = Mean time per level.
                   A        B        C        D        E       F      G
               +--------+--------+--------+--------+--------+-----+--------+
         Total |  32173 |  30336 |   1837 |   2311 |  14865 |  34 |  946.3 |
       Dungeon |  14665 |  13990 |    675 |    604 |   7999 |  15 |  977.7 |
        Temple |    162 |    162 |      0 |      0 |     56 |   1 |  162.0 |
          Lair |   8039 |   7262 |    777 |    733 |   4107 |   6 | 1339.8 |
     Snake Pit |   5622 |   5348 |    274 |    698 |   2035 |   4 | 1405.5 |
  Orcish Mines |   1796 |   1687 |    109 |     13 |    611 |   2 |  898.0 |
         Abyss |    860 |    860 |      0 |    133 |      0 |   3 |  286.7 |
         Sewer |    322 |    322 |      0 |      0 |     55 |   1 |  322.0 |
       Ossuary |    505 |    505 |      0 |    129 |      0 |   1 |  505.0 |
        Bailey |    197 |    197 |      0 |      0 |      0 |   1 |  197.0 |
               +--------+--------+--------+--------+--------+-----+--------+

Top non-repeatable levels by time:
 Snake:4: 2526 daAuts
  Lair:6: 1873 daAuts
  Lair:1: 1694 daAuts
 Snake:2: 1412 daAuts
    D:13: 1362 daAuts
  Lair:5: 1347 daAuts
  Lair:4: 1305 daAuts
    D:10: 1302 daAuts
     D:5: 1130 daAuts
     D:4: 1124 daAuts
   Orc:2: 1108 daAuts
     D:6: 1104 daAuts
     D:7: 1033 daAuts
  Lair:3: 991 daAuts
    D:11: 983 daAuts
